AoeStats
← Balou

Arabia

510767883Analyzed
1v1 RM · 13h ago on Oct 2, 2026· 31m 35s· 2 players
Game mode
Random Map
Map size
Tiny (2 player)
Population
200
Speed
Normal
Resources
Standard
Victory
Conquest
Starting age
Dark Age
Ending age
Imperial Age
RankedLock teamsTeams togetherTeam positionsShared explorationLock speedFull tech treeHidden civsTurbo modeCheats
Victory
Defeat
🇨🇳 Franks · China
873
+16
🇫🇷 Franks · France
881
-16
江杉来了
6:50 Loom
9:22 Feudal Age
10:06 Double-Bit Axe
25:54 Castle Age
24:45 Gold Mining
25:25 Fletching
26:15 Crossbowman
27:52 Gold Shaft Mining
27:30 Bow Saw
27:35 Bodkin Arrow
28:37 Scale Barding Armor
29:36 Town Watch
Balou
5:29 Loom
11:22 Feudal Age
12:07 Double-Bit Axe
22:49 Castle Age
21:50 Fletching
26:05 Elite Skirmisher
27:03 Padded Archer Armor
28:39 Husbandry
30:05 Pikeman
Connection lost

Rejoining the realm…

Still unreachable

The connection could not be restored.

Session expired

The server has moved on; the page needs a fresh start.